Map: Galactic Process LE

Players

Stephano - Winner!

  • Race: Zerg Zerg
  • League: Grandmaster

HoRuS

  • Race: Protoss Protoss
  • League: Diamond

VOD

https://www.youtube.com/channel/UCcSgNfDNxvyisU-eCj9xyNg/playlists

Description

Time

  • Played on: Aug. 14, 2016, 10:27 a.m.
  • Length: 9:02
Show
View Real Time Build Order
Export as new Build Order

Stephano Zerg - Winner!

Build Orders: Hatch First 

Get SALT Encoding   

  12  0:01  Drone  
  13  0:13  Overlord  
  13  0:17  Drone  
  14  0:31  Drone x2  
  14  0:35  Drone  
  17  0:53  Hatchery  
  17  0:54  Drone  
  17  0:58  Drone  
  18  1:09  Extractor  
  17  1:13  Spawning Pool  
  17  1:16  Drone  
  17  1:19  Drone  
  18  1:29  Drone  
  19  1:41  Drone  
  20  1:52  Overlord  
  20  2:01  Drone  
  20  2:04  Queen x2  
  25  2:08  Metabolic Boost  
  25  2:14  Drone x2  
  27  2:15  Drone  
  28  2:29  Hatchery  
  27  2:32  Drone  
  27  2:33  Drone  
  29  2:40  Queen  
  29  2:44  Drone x2  
  32  2:47  Drone  
  32  2:51  Overlord  
  34  3:00  Drone x2  
  36  3:10  Drone  
  36  3:11  Drone x3  
  36  3:12  Overlord, Drone  
  41  3:15  Drone  
  41  3:16  Drone  
  43  3:26  Zergling x2  
  44  3:27  Overlord  
  44  3:31  Extractor  
  43  3:34  Evolution Chamber  
  43  3:37  Evolution Chamber  
  43  3:38  Drone x2  
  44  3:41  Drone x2  
  44  3:47  Drone  
  44  3:48  Drone x3  
  49  3:50  Drone x3  
  52  3:56  Zergling x4  
  52  3:57  Zergling x2  
  52  4:00  Zerg Melee Weapons Level 1  
  55  4:03  Overlord  
  55  4:04  Overlord  
  55  4:11  Drone  
  55  4:12  Roach Warren  
  55  4:14  Drone, Extractor  
  55  4:18  Extractor  
  55  4:21  Zergling x8  
  55  4:22  Zergling x4  
  55  4:23  Drone x2  
  62  4:26  Zerg Ground Armor Level 1  
  62  4:27  Drone  
  62  4:30  Drone x2  
  65  4:45  Overlord, Drone  
  65  4:46  Drone x3  
  69  4:53  Lair  
  69  4:54  Roach x2  
  69  4:55  Overlord  
  69  4:57  Drone  
  73  5:07  Drone x3  
  73  5:11  Queen  
  73  5:12  Overlord  
  73  5:13  Overlord  
  78  5:17  Spore Crawler, Drone  
  78  5:23  Roach  
  78  5:24  Roach x4  
  78  5:26  Overlord  
  78  5:28  Drone  
  89  5:30  Spore Crawler  
  89  5:32  Overlord  
  89  5:33  Ravager  
  89  5:34  Ravager  
  90  5:40  Zergling x4  
  90  5:41  Zergling x6  
  90  5:42  Overlord  
  95  5:46  Drone  
  95  5:47  Pneumatized Carapace, Drone  
  97  5:51  Overlord  
  97  5:53  Ravager  
  97  5:54  Ravager x4  
  102  6:00  Zergling x12  
  108  6:13  Zergling x2  
  108  6:14  Zerg Melee Weapons Level 2, Zergling x12  
  108  6:18  Overlord x2  
  115  6:24  Drone  
  116  6:28  Zerg Ground Armor Level 2  
  116  6:33  Hatchery  
  116  6:35  Overlord  
  115  6:42  Zergling x18  
  115  6:46  Overlord x3  
  124  6:53  Roach  
  126  7:00  Roach x3  
  132  7:06  Zergling x8  
  133  7:20  Zergling x10  
  128  7:25  Zergling x12  
  128  7:35  Drone x2  
  128  7:36  Infestation Pit  
  128  7:37  Extractor  
  128  7:38  Drone  
  128  7:40  Drone x2  
  127  8:10  Zergling x4  
  127  8:11  Zergling x34  
  146  8:15  Drone  
  146  8:18  Hatchery, Queen  
  148  8:21  Ravager x4  
  148  8:24  Overlord x4  
  152  8:32  Zergling x8  
  146  8:37  Zergling x4  
Show
View Real Time Build Order
Export as new Build Order

HoRuS Protoss 

Build Orders: Nexus First 

Get SALT Encoding   

  12  0:03  Probe (Chrono Boost)  
  13  0:14  Probe (Chrono Boost)  
  14  0:19  Pylon  
  14  0:24  Probe (Chrono Boost)  
  15  0:38  Probe (Chrono Boost)  
  16  0:48  Probe (Chrono Boost)  
  17  1:01  Nexus  
  17  1:10  Gateway  
  17  1:13  Probe (Chrono Boost)  
  18  1:19  Assimilator  
  18  1:23  Assimilator  
  18  1:26  Probe (Chrono Boost)  
  19  1:37  Probe (Chrono Boost)  
  20  1:43  Forge  
  20  1:47  Pylon  
  20  1:58  Probe (Chrono Boost)  
  21  2:06  Cybernetics Core  
  22  2:08  Probe (Chrono Boost)  
  22  2:10  Pylon  
  22  2:15  Zealot, Probe (Chrono Boost)  
  25  2:25  Probe (Chrono Boost)  
  25  2:27  Probe (Chrono Boost)  
  27  2:38  Photon Cannon  
  27  2:39  Sentry  
  27  2:40  Probe (Chrono Boost)  
  27  2:42  Probe (Chrono Boost)  
  31  2:51  Probe (Chrono Boost)  
  32  2:54  Probe (Chrono Boost), Pylon  
  33  3:01  Probe (Chrono Boost), Warp Gate  
  33  3:02  Sentry  
  35  3:06  Probe (Chrono Boost)  
  35  3:12  Probe (Chrono Boost)  
  38  3:18  Probe (Chrono Boost)  
  39  3:23  Probe (Chrono Boost), Pylon  
  40  3:31  Probe (Chrono Boost)  
  40  3:32  Robotics Facility  
  40  3:33  Probe (Chrono Boost)  
  42  3:41  Assimilator  
  43  3:43  Probe (Chrono Boost)  
  43  3:44  Probe (Chrono Boost)  
  44  3:49  Pylon  
  44  3:50  Protoss Ground Weapons Level 1  
  44  3:52  Sentry  
  44  3:54  Probe (Chrono Boost)  
  44  3:55  Probe (Chrono Boost)  
  48  4:01  Pylon  
  49  4:17  Probe (Chrono Boost)  
  49  4:23  Immortal  
  53  4:36  Gateway  
  53  4:37  Gateway  
  53  4:39  Gateway  
  53  4:42  Gateway  
  53  4:44  Gateway  
  53  4:47  Pylon, Gateway  
  53  4:57  Immortal, Assimilator  
  57  5:07  Gateway  
  57  5:12  Gateway x2  
  57  5:26  Sentry  
  59  5:29  Protoss Ground Armor Level 1  
  59  5:31  Immortal  
  59  5:41  Sentry x2  
  67  5:52  Probe x2 (Chrono Boost)  
  69  6:04  Stalker x4  
  69  6:05  Warp Prism, Stalker  
  69  6:11  Pylon  
  81  6:12  Pylon  
  81  6:15  Pylon  
  81  6:17  Pylon  
  81  6:19  Pylon  
  81  6:21  Sentry  
  81  6:25  Stalker  
  85  6:26  Stalker  
  87  6:39  Observer  
  87  6:47  Pylon  
  88  6:56  Stalker x4  
  88  6:57  Stalker x2  
  54  7:39  Zealot x7  
  54  7:40  Zealot x3  
  71  8:12  Zealot x3  
  67  8:13  Zealot x4  
  67  8:14  Zealot x3  
  63  8:42  Stalker x6  
  63  8:43  Stalker x2  
Tags
 
Add a new tag
Caveats
  • Supply blocks, unpowered buildings, or Contaminate may cause inaccurate times.
  • Supply counts are checked every 10 seconds.